 Dungeon Crawl Stone Soup version 0.23.2-30-g0e89c35649 (webtiles) character file.

Game seed: 8078712993470442280

350 Zephirin the Conjurer (level 6, 0/46 HPs)
             Began as a Draconian Conjurer on June 11, 2019.
             Was an Initiate of Yredelemnul.
             Killed by divine providence
             ... invoked by an orc priest
              (10 damage)
             ... on level 4 of the Dungeon.
             The game lasted 00:28:53 (5381 turns).

Zephirin the Conjurer (Draconian Conjurer)          Turns: 5381, Time: 00:28:53

Health: 0/46       AC:  7    Str: 10    XL:     6   Next: 33%
Magic:  0/11       EV: 13    Int: 17    God:    Yredelemnul [......]
Gold:   132        SH:  0    Dex: 12    Spells: 5/12 levels left

rFire    . . .     SeeInvis .   o - +0 mace
rCold    . . .     Gourm    .   (no shield)
rNeg     + . .     Faith    +   (armour unavailable)
rPois    .         Spirit   .   (helmet restricted)
rElec    .         Reflect  .   (no cloak)
rCorr    .         Harm     .   p - +0 pair of gloves
MR       .....                  (no boots)
Stlth    ++........             c - amulet of faith
HPRegen  0.15/turn              g - ring of positive energy
MPRegen  0.12/turn              (no ring)

@: no status effects
A: unfitting armour, cold-blooded, AC +6
a: Renounce Religion


You were on level 4 of the Dungeon.
You worshipped Yredelemnul.
Yredelemnul was noncommittal.
You were not hungry.

You visited 1 branch of the dungeon, and saw 5 of its levels.

You collected 132 gold pieces.

Inventory:

Hand Weapons
 d - a +0 club
 o - a +0 mace (weapon)
Missiles
 i - 2 throwing nets
 t - 3 tomahawks (quivered)
Armour
 a - a +0 robe
 f - a +0 robe
 p - a +0 pair of gloves (worn)
Jewellery
 c - an amulet of faith (around neck)
 g - a ring of positive energy (left hand)
Scrolls
 j - a scroll of teleportation
 s - a scroll of remove curse
Potions
 e - a potion of invisibility
 h - a potion of magic {unknown}
 k - a potion of ambrosia {unknown}
 l - a potion of mutation {unknown}
 m - 2 potions of haste {unknown}
 n - a potion of lignification {unknown}
 q - a potion of heal wounds {unknown}
 r - a potion of brilliance {unknown}
Comestibles
 b - 2 rations
 u - a chunk of flesh


   Skills:
 + Level 0.4 Fighting
 + Level 0.1 Maces & Flails
 + Level 2.9 Dodging
 + Level 3.0 Stealth
 + Level 3.5 Spellcasting
 + Level 5.7 Conjurations


You had 5 spell levels left.
You knew the following spells:

 Your Spells              Type           Power        Failure   Level  Hunger
a - Magic Dart            Conj           ###.         1%          1    None
b - Searing Ray           Conj           ###...       2%          2    ##.....
c - Iskenderun's Mystic   Conj           ###.....     16%         4    ####...

Your spell library contained the following spells:

 Spells                   Type           Power        Failure   Level  Hunger
 Dazzling Spray           Conj/Hex       ##....       16%         3    ###....
 Force Lance              Conj/Tloc      ##......     45%         4    ####...
 Fulminant Prism          Conj/Hex       ##........   45%         4    ####...


Dungeon Overview and Level Annotations

Branches:
Dungeon (5/15)
 Temple: D:4-7

Altars:
Ashenzari
Fedhas
Qazlal
Yredelemnul


Innate Abilities, Weirdness & Mutations

Your plain brown scales are hard. (AC +6)
You cannot fit into any form of body armour.
You are cold-blooded and may be slowed by cold attacks.


Message History

Beogh smites you!
* * * LOW HITPOINT WARNING * * *
Casting: Searing Ray (safe; 2% risk of failure)
Confirm with . or Enter, or press ? or * to list all spells.
Aiming: Magic Dart (safe; 1% risk of failure)
Press: ? - help, Shift-Dir - straight line, f/p - orc priest
Aim: an orc priest, wielding a +0 trident and wearing a +0 leather armour The magic dart hits the orc priest but does no damage.
Casting: Magic Dart (safe; 1% risk of failure)
Confirm with . or Enter, or press ? or * to list all spells.
Aiming: Magic Dart (safe; 1% risk of failure)
Press: ? - help, Shift-Dir - straight line, f/p - orc priest
Aim: an orc priest, wielding a +0 trident and wearing a +0 leather armour The magic dart hits the orc priest.
The orc priest is moderately wounded.
The orc priest hits you but does no damage.
The orc priest mumbles some strange prayers to Beogh against you.
Beogh smites you!
You die...
Your body rises from the dead as a mindless zombie.

#.# #.#.# ##o#.## #.......## #.#
#...# ##.###.###.......# #.#
#...# #.## ##.########.#
#.####..# ##.###.## ##'##
#.......# ##.#.## ##...# #
######.## #..### ##..... ##
##.##.# #o##.## ##......
.####...#<#######.#...####.......
.'..............@.[......'.......
.####...#.#####.....(.####.......
## ##.##.# #.#..#.## ##...... #
#.....# #.#..### ##....( #.#####
#.#....# ##...# #.# #.##.#.#
##'## #.# #....#.#########.# #.#
####...........#.# # #.#
#.#..######.#.#


You could see an orc priest.

Vanquished Creatures
  2 scorpions
  2 jellies (D:5)
  An orc wizard (D:5)
  A worker ant (D:5)
  Robin (D:3)
  4 adders
  An ooze (D:2)
  2 worms
  2 dart slugs (D:2)
  A leopard gecko (D:1)
  6 orcs
  4 giant cockroaches
  8 goblins
  10 hobgoblins
  5 jackals
  5 kobolds
  A quokka (D:2)
  A ball python (D:1)
  7 bats
  7 frilled lizards
  8 rats
79 creatures vanquished.

Notes
Turn   | Place    | Note
-------+----------+-------------------------------------------
     0 | D:1      | Zephirin the Draconian Conjurer began the quest for the
                  | Orb.
     0 | D:1      | Reached XP level 1. HP: 14/14 MP: 3/3
   184 | D:1      | Reached XP level 2. HP: 20/20 MP: 1/5
  1165 | D:2      | Reached XP level 3. HP: 26/26 MP: 2/6
  1608 | D:2      | Learned a level 2 spell: Searing Ray
  1716 | D:2      | Reached skill level 5 in Conjurations
  2082 | D:2      | Reached XP level 4. HP: 33/33 MP: 2/7
  2592 | D:3      | Found a shattered altar of Ashenzari.
  2690 | D:3      | Noticed Robin
  2696 | D:3      | Killed Robin
  2879 | D:3      | Found a blossoming altar of Fedhas.
  3131 | D:3      | Found a basalt altar of Yredelemnul.
  3141 | D:3      | Became a worshipper of Yredelemnul the Dark
  3247 | D:3      | Found a stormy altar of Qazlal.
  4236 | D:4      | Reached XP level 5. HP: 38/38 MP: 4/9
  4891 | D:5      | Entered Level 5 of the Dungeon
  4968 | D:5      | Learned a level 4 spell: Iskenderun's Mystic Blast
  4979 | D:5      | Reached XP level 6. HP: 36/46 MP: 2/11
  5381 | D:4      | Killed from afar by an orc priest

Skill      XL: |  1  2  3  4  5  6 |
---------------+-------------------+-----
Stealth        | 2 3 |  3.0
Conjurations   | 5 |  5.7
Dodging        | 2 |  2.9
Spellcasting   | 3 |  3.5
Fighting       | |  0.4
Maces & Flails | |  0.1

Action                   |  1- 3 |  4- 6 || total
-------------------------+-------+-------++-------
Melee: Unarmed           |     1 |       ||     1
       Club              |    26 |     5 ||    31
       Tailslap          |     1 |     1 ||     2
 Cast: Magic Dart        |    90 |    64 ||   154
       Searing Ray       |     3 |    14 ||    17
       Iskenderun's Myst |       |     2 ||     2
  Use: Scroll            |     4 |     7 ||    11
  Eat: Chunk             |     2 |     3 ||     5
       Ration            |     1 |     3 ||     4
Armor: Skin              |    18 |    24 ||    42
Dodge: Dodged            |    42 |    55 ||    97
